 Seeded DCSS version 0.27.1-36-g1b1ada6b1e (webtiles) character file.

Game seed: 20230207 (custom seed)

47 Mickster the Chopper (level 3, -4/34 HPs)
             Began as a Deep Dwarf Chaos Knight on Feb 8, 2023.
             Was a Plaything of Xom.
             Slain by a gnoll (10 damage)
             ... on level 2 of the Dungeon.
             The game lasted 00:12:00 (930 turns).

Mickster the Chopper (Deep Dwarf Chaos Knight)       Turns: 930, Time: 00:12:04

Health: -4/34      AC:  5    Str: 16    XL:     3   Next: 48%
Magic:  3/3        EV: 11    Int: 12    God:    Xom [..*...]
Gold:   43         SH:  0    Dex: 12    Spells: 2/2 levels left

rFire    . . .     SeeInvis .   a - +0 hand axe (chaos)
rCold    . . .     Faith    .   (no shield)
rNeg     . . .     Spirit   .   b - +2 leather armour
rPois    .         Reflect  .   (no helmet)
rElec    .         Harm     .   (no cloak)
rCorr    .         Rampage  .   (no gloves)
Will     .....                  (no boots)
Stlth    +.........             (no amulet)
HPRegen  0.00/turn              (no ring)
MPRegen  0.08/turn              (no ring)

@: lethally poisoned (-4 -> -4)
A: damage resistance, heal wounds, sense surroundings 1, no regeneration
a: Heal Wounds, Renounce Religion


You were on level 2 of the Dungeon.
You worshipped Xom.
You were a toy of Xom.
You visited 1 branch of the dungeon, and saw 2 of its levels.

You collected 43 gold pieces.

Inventory:

Hand Weapons
 a - a +0 hand axe of chaos (weapon)
Missiles
 c - 27 sling bullets
Armour
 b - a +2 leather armour (worn)
Scrolls
 d - a scroll of identify


   Skills:
 + Level 3.1 Fighting
 + Level 4.2 Axes
 + Level 2.7 Armour
 + Level 1.1 Dodging


You had 2 spell levels left.
You didn't know any spells.
Your spell library contained the following spells:

 Spells                   Type           Power      Damage    Failure   Level
 Static Discharge         Conj/Air       0%         N/A       52%         2
 Dispel Undead            Necr           0%         3d6       98%         4
 Sticky Flame             Conj/Fire      0%         2d3       98%         4


Dungeon Overview and Level Annotations

Branches:
Dungeon (2/15)

Altars:


Innate Abilities, Weirdness & Mutations

You are resistant to damage.
You can heal yourself by infusing magical energy.
You passively map a small area around you.
You do not regenerate.


Message History

A gnoll comes into view. It is wielding a +0 flail.
You hit the adder.
The adder seems to slow down.
You freeze the adder.
The adder is severely wounded.
The adder bites you but does no damage.
You closely miss the adder.
The adder is severely wounded.
A gnoll comes into view. It is wielding a +0 spear.
The adder bites you.
You are poisoned.
The adder poisons you!
You hit the adder.
You kill the adder!
You hit the gnoll. You freeze the gnoll.
The gnoll is moderately wounded.
The gnoll misses you.
A gnoll comes into view. It is wielding a +1 halberd of venom.
You barely miss the gnoll.
The gnoll is moderately wounded.
The gnoll barely misses you. The gnoll barely misses you.
The gnoll closely misses you.
The gnoll hits you from afar with a +1 halberd of venom!
You emit a cloud of colourful smoke!
You are more poisoned.
You see here a +0 whip.
You feel very sick. The gnoll hits you with a +0 flail!
* * * LOW HITPOINT WARNING * * *
The gnoll barely misses you. The gnoll hits you with a +0 flail.
* * * LOW HITPOINT WARNING * * *
You closely miss the gnoll.
The gnoll is moderately wounded.
The gnoll closely misses you. x2
You hit the gnoll.
You feel better.
The gnoll is heavily wounded.
The gnoll hits you from afar with a +0 spear.
* * * LOW HITPOINT WARNING * * *
The gnoll hits you from afar with a +1 halberd of venom!
You die...
Xom laughs nastily!

#.......#
###.##### #.# * *
* #.# * . , , #.#
.# * , #.#####.#
,# *##.#.....# ,
###.#.##§.......#
#.....§§g.@.###..
....#..#g.g.# *,
, # * #.......#
,* * .....##..##
* * ##### #.... ,
#+#### > ,, * , ,
* * * * , **


You could see 3 gnolls.

Vanquished Creatures
  A gnoll (D:2)
  An adder (D:2)
  A worm (D:2)
  An endoplasm (D:1)
  3 giant cockroaches (D:1)
  2 goblins
  4 hobgoblins
  4 jackals (D:1)
  2 quokkas
  A ball python (D:1)
  2 frilled lizards (D:1)
  A kobold (D:1)
  A rat (D:1)
24 creatures vanquished.

Notes
Turn   | Place    | Note
-------+----------+-------------------------------------------
     0 | D:1      | Mickster the Deep Dwarf Chaos Knight began the quest for
                  | the Orb.
     0 | D:1      | Reached XP level 1. HP: 20/20 MP: 1/1
    63 | D:1      | XOM: divination: detect creatures
   286 | D:1      | Reached XP level 2. HP: 27/27 MP: 2/2
   332 | D:1      | XOM: silly message
   587 | D:1      | XOM: divination: magic mapping
   779 | D:1      | XOM: divination: magic mapping
   785 | D:2      | Reached skill level 4 in Axes
   794 | D:2      | XOM: divination: detect creatures
   899 | D:2      | Reached XP level 3. HP: 29/34 MP: 3/3
   925 | D:2      | XOM: smoke on damage
   930 | D:2      | Slain by a gnoll

Illustrated notes

Levels and vault maps discovered:
D:1:      scummos_arrival_gate, layout_rooms, roderic_lattice_a,
          serial_park_tiny_1
D:2:      kennysheep_six_static_rooms, layout_loops_corners, grunt_ministairs_14

Skill      XL: |  1  2 |
---------------+-------+-----
Fighting       | 3 |  3.1
Axes           | 4 |  4.2
Armour         | |  2.7
Dodging        | |  1.1

Action                   || total
-------------------------++-------
Melee: Hand axe          ||    56
 Abil: Heal Wounds       ||     1
  Use: Potion            ||     2
       Scroll            ||     1
Armor: Leather armour    ||    17
Dodge: Dodged            ||    30
